 Dungeon Crawl Stone Soup version 0.30-a0-622-gddc90eaa04 (webtiles) character file.

Game seed: 10970156734136242157

1501 ryw the Purveyor of Pain (level 9, -1/97 HPs)
             Began as a Human Necromancer on Jan 11, 2023.
             Was an Initiate of Kikubaaqudgha.
             Slain by Maggie
             ... wielding a +0 halberd
              (13 damage)
             ... on level 6 of the Dungeon.
             The game lasted 00:21:55 (9141 turns).

ryw the Purveyor of Pain (Human Necromancer)        Turns: 9141, Time: 00:21:56

Health: -1/97      AC: 24    Str:  8    XL:     9   Next: 8%
Magic:  19/24      EV:  2    Int: 17    God:    Kikubaaqudgha [......]
Gold:   253        SH:  0    Dex: 17    Spells: 8/16 levels left

rFire   . . .      SeeInvis .    e - +4 demon whip (drain)
rCold   . . .      Faith    .    (no shield)
rNeg    + . .      Spirit   .    (body armour currently unavailable)
rPois   +          Reflect  .    (helmet currently unavailable)
rElec   .          Harm     .    (cloak currently unavailable)
rCorr   .          Rampage  .    (gloves currently unavailable)
Will    .....      NoTele   +    (boots currently unavailable)
Stlth   ++                       (no amulet)
HPRegen 0.36/turn                u - ring of positive energy
MPRegen 0.19/turn                t - ring of magical power

@: tree-form
A: stationary, stasis, torment immunity, boosted hp
a: Renounce Religion


You were on level 6 of the Dungeon.
You worshipped Kikubaaqudgha.
Kikubaaqudgha was noncommittal.
You were a tree.
You visited 2 branches of the dungeon, and saw 7 of its levels.

You collected 253 gold pieces.

Inventory:

Hand Weapons
 e - a +4 demon whip of draining (weapon)
Missiles
 n - 5 poisoned darts
Armour
 a - a +2 cloak of preservation (melded)
 d - a +3 leather armour (melded)
Jewellery
 t - a ring of magical power (right branch)
 u - a ring of positive energy (left branch)
Wands
 p - a wand of paralysis (3)
 v - a wand of iceblast (7)
Scrolls
 c - 2 scrolls of identify
 g - a scroll of fog
 j - 4 scrolls of teleportation {unknown}
 l - a scroll of fear
 o - 2 scrolls of vulnerability
 w - a scroll of poison {unknown}
Potions
 b - a potion of magic
 f - 2 potions of flight
 i - a potion of mutation
 k - a potion of haste
 m - 2 potions of curing
 q - a potion of brilliance
 r - a potion of berserk rage
 s - 3 potions of attraction


   Skills:
 + Level 3.9 Fighting
 * Level 3.4 Maces & Flails
 * Level 4.2 Armour
 + Level 4.7 Dodging
 - Level 2.0 Stealth
 + Level 4.2 Spellcasting
 * Level 6.4 Necromancy


You had 8 spell levels left.
You knew the following spells:

 Your Spells              Type           Power      Damage    Failure   Level
a - Necrotise             Necr           100%       1d9       1%          1
b - Vampiric Draining     Necr           25%        2d7       3%          3
c - Animate Dead          Necr           25%        N/A       11%         4

Your spell library contained the following spells:

 Spells                   Type           Power      Damage    Failure   Level
 Sublimation of Blood     Necr           25%        N/A       1%          2
 Apportation              Tloc           6%         N/A       16%         1
 Summon Small Mammal      Summ           12%        N/A       16%         1
 Agony                    Necr           25%        N/A       30%         5
 Petrify                  Tmut/Erth      3%         N/A       83%         4
 Irradiate                Conj/Tmut      1%         3d12      99%         5


Dungeon Overview and Level Annotations

Branches:
Dungeon (6/15)             Temple (1/1) D:4

Altars:
Cheibriados
Dithmenos
Elyvilon
Fedhas
Hepliaklqana
Kikubaaqudgha
Nemelex Xobeh
Okawaru
Qazlal
Uskayaw
Vehumet
Xom
Yredelemnul
Zin

Annotations:
D:6 3 runed translucent doors, Maggie; Zonian's ghost, novice VSBr


Message History

Press: ? - help, Shift-Dir - straight line, f/p - Maggie
Aim: Maggie, wielding a +0 halberd and wearing +0 steam dragon scales (lightly wounded, ally target, chance to affect: 83%) Maggie writhes in agony!
Your orc wizard skeleton hits Maggie but does no damage.
The orc warrior hits you from afar with a +0 trident!
Maggie shouts, "Leave me alone!"
Maggie hits you but does no damage.
Casting: Necrotise (safe; 1% risk of failure)
Confirm with . or Enter, or press ? or * to list all spells.
Aiming: Necrotise (safe; 1% risk of failure)
Press: ? - help, Shift-Dir - straight line, f/p - Maggie
Aim: Maggie, wielding a +0 halberd and wearing +0 steam dragon scales (moderately wounded, ally target, chance to affect: 83%) Maggie writhes in agony!
The orc warrior hits you from afar with a +0 trident!
* * * LOW HITPOINT WARNING * * *
Maggie hits you but does no damage.
Your orc wizard skeleton hits Maggie but does no damage.
Casting: Necrotise (safe; 1% risk of failure)
Confirm with . or Enter, or press ? or * to list all spells.
Aiming: Necrotise (safe; 1% risk of failure)
Press: ? - help, Shift-Dir - straight line, f/p - Maggie
Aim: Maggie, wielding a +0 halberd and wearing +0 steam dragon scales (moderately wounded, ally target, chance to affect: 83%) Maggie writhes in agony.
The orc warrior hits you from afar with a +0 trident.
* * * LOW HITPOINT WARNING * * *
Maggie gestures wildly while chanting.
Maggie attempts to bespell you! You resist with almost no effort.
Your orc wizard skeleton hits Maggie.
Aiming: Iceblast
Press: ? - help, Shift-Dir - straight line, f - orc warrior, p - Maggie
Aim: an orc warrior, wielding a +0 trident and wearing a +0 chain mail The mass of ice explodes!
The iceblast engulfs the orc warrior!
The orc warrior is heavily wounded.
The iceblast engulfs Maggie!
Maggie is severely wounded.
The orc warrior hits you from afar with a +0 trident!
* * * LOW HITPOINT WARNING * * *
Maggie hits you from afar with a +0 halberd!
You die...
Kikubaaqudgha rasps: "You have failed me!
Welcome... death!"

..................####
............####### #
...........## ###
.......#..## #..
.####..## #.. #..##
#.. ##.########## ###
##..##.......#
###.♣.........##
#..)...>.....##
#.o@........##
##o..Z......##
##..#.......##
##..##......## #
#..####...### # #..##
##.## ## ....# ### ##.


You could see Maggie (ally target), an orc warrior, an orc and a friendly orc
wizard skeleton.

Vanquished Creatures
  A water moccasin (D:6)
  An ogre (D:4)
  A centaur (D:6)
  A phantom (D:4)
  A bullfrog (D:5)
  7 wights
  A howler monkey (D:5)
  3 hounds (D:4)
  4 orc priests
  4 iguanas
  5 orc wizards
  7 gnolls
  A river rat (D:3)
  7 adders
  2 white imps (D:5)
  2 ufetubi (D:4)
  3 worms
  3 dart slugs
  5 orcs
  7 ball pythons
  2 endoplasms (D:1)
  4 giant cockroaches
  7 goblins
  9 hobgoblins
  3 quokkas (D:1)
  2 bats (D:1)
  2 frilled lizards (D:1)
  7 kobolds
  2 rats
104 creatures vanquished.

Vanquished Creatures (collateral kills)
  A river rat (D:3)
  A frilled lizard (D:1)
  A goblin (D:3)
3 creatures vanquished.

Grand Total: 107 creatures vanquished

Notes
Turn   | Place    | Note
-------+----------+-------------------------------------------
     0 | D:1      | ryw the Human Necromancer began the quest for the Orb.
     0 | D:1      | Reached XP level 1. HP: 13/13 MP: 3/3
   287 | D:1      | Reached XP level 2. HP: 20/20 MP: 1/5
   834 | D:1      | Reached XP level 3. HP: 25/25 MP: 3/6
   851 | D:1      | Reached skill level 1 in Fighting
   898 | D:1      | Learned a level 3 spell: Vampiric Draining
  1965 | D:3      | Found a sparkling altar of Nemelex Xobeh.
  2274 | D:2      | Reached XP level 4. HP: 32/32 MP: 4/7
  3166 | D:3      | Reached skill level 1 in Armour
  3166 | D:3      | Reached XP level 5. HP: 29/38 MP: 2/9
  3564 | D:3      | Found a blossoming altar of Fedhas.
  3967 | D:3      | Reached XP level 6. HP: 39/44 MP: 6/10
  5133 | D:4      | Noticed an ogre
  5605 | D:4      | Reached skill level 5 in Necromancy
  5605 | D:4      | Reached XP level 7. HP: 51/51 MP: 0/12
  6288 | D:4      | Found a staircase to the Ecumenical Temple.
  6292 | Temple   | Entered the Ecumenical Temple
  6348 | Temple   | Became a worshipper of Kikubaaqudgha
  6415 | D:3      | Learned a level 4 spell: Animate Dead
  6458 | D:4      | Reached skill level 1 in Maces & Flails
  6712 | D:5      | Entered Level 5 of the Dungeon
  7019 | D:5      | Reached XP level 8. HP: 58/58 MP: 6/13
  8134 | D:6      | Found a runed translucent gate.
  8134 | D:6      | Found a runed translucent gate.
  8137 | D:6      | Found a runed translucent gate.
  8425 | D:6      | Reached skill level 6 in Necromancy
  8843 | D:6      | Noticed Zonian's ghost (novice VSBr)
  8920 | D:5      | Reached XP level 9. HP: 51/64 MP: 15/15
  9117 | D:6      | Noticed Maggie
  9141 | D:6      | Slain by Maggie

Illustrated notes

Levels and vault maps discovered:
D:1:      dpeg_arrival_water_temple_mockup, layout_basic, feat_on_display
D:2:      layout_loops_corners
D:3:      layout_basic, mainiacjoe_overflow_catwalk, nemelex_spade_bored_becter,
          gup_sewer_entry_bowl
D:4:      layout_cave_pods, minmay_temple_entry_proselytizer, serial_glass,
          glass_columns_b, glass_columns_a
D:5:      layout_loops_ring, minmay_misc_feat_diagonals,
          amcnicky_mini_pool_small
D:6:      layout_cave_pods, ebering_ghost_rock_garden, uniq_maggie
Temple:   nicolae_temple_hex_pool

Skill      XL: |  1  2  3  4  5  6  7  8 |
---------------+-------------------------+-----
Fighting       | 1 2 3 |  3.9
Armour         | 1 2 4 |  4.2
Dodging        | 3 4 |  4.7
Spellcasting   | 3 4 |  4.2
Necromancy     | 5 6 |  6.4
Maces & Flails | 1 3 |  3.4
Stealth        | |  2.0

Action                   |  1- 3 |  4- 6 |  7- 9 || total
-------------------------+-------+-------+-------++-------
Melee: Short sword       |     1 |       |       ||     1
       Dagger            |       |    17 |       ||    17
       Demon whip        |       |       |   150 ||   150
       Punch             |       |       |     1 ||     1
Throw: Dart              |       |     5 |       ||     5
 Cast: Necrotise         |    64 |   113 |    33 ||   210
       Vampiric Draining |       |     6 |    20 ||    26
Evoke: Wand              |       |     2 |     1 ||     3
  Use: Scroll            |       |    15 |     6 ||    21
       Potion            |       |       |     4 ||     4
 Stab: Sleeping          |       |       |     1 ||     1
Armor: Leather armour    |     4 |    26 |    42 ||    72
       Skin              |       |       |    11 ||    11
Dodge: Dodged            |     5 |    29 |   120 ||   154

Table legend: (Time is in decaauts)
 A = Elapsed time spent in this place.
 B = Non-inter-level travel time spent in this place.
 C = Inter-level travel time spent in this place.
 D = Time resting spent in this place.
 E = Time spent auto-exploring this place.
 F = Levels seen in this place.
 G = Mean time per level.
                   A        B        C        D        E       F      G
               +--------+--------+--------+--------+--------+-----+--------+
         Total |   9143 |   8504 |    639 |   1711 |   5094 |   7 | 1306.1 |
       Dungeon |   9068 |   8448 |    620 |   1711 |   5052 |   6 | 1511.3 |
        Temple |     75 |     56 |     19 |      0 |     42 |   1 |   75.0 |
               +--------+--------+--------+--------+--------+-----+--------+

Top non-repeatable levels by time:
     D:3: 1942 daAuts
     D:2: 1926 daAuts
     D:4: 1801 daAuts
     D:5: 1342 daAuts
     D:1: 1340 daAuts
     D:6: 715 daAuts
  Temple: 75 daAuts
